 Dungeon Crawl Stone Soup version 0.31-a0-164-g2312942fda (webtiles) character file.

Game seed: 5950573353068731775

35 qw the Chopper (level 3, 0/23 HPs)
             Began as a Gargoyle Fighter on June 13, 2023.
             Slain by Terence
             ... wielding a +0 flail
              (7 damage)
             ... on level 2 of the Dungeon.
             The game lasted 00:00:24 (575 turns).

qw the Chopper (Gargoyle Fighter)                    Turns: 575, Time: 00:00:25

Health: 0/23       AC: 10    Str: 21    XL:     3   Next: 35%
Magic:  3/3        EV:  9    Int:  8    God:
Gold:   26         SH:  4    Dex:  9    Spells: 2/2 levels left

rFire   . . .        g - +0 war axe (vamp)
rCold   . . .        c - +0 buckler
rNeg    + . .        b - +0 scale mail
rPois   inf          (no helmet)
rElec   +            (no cloak)
rCorr   .            (no gloves)
SInv    .            (no boots)
Will    .....        (no amulet) Stlth
                     (no ring)
HPRegen 0.23/turn    (no ring)
MPRegen 0.08/turn

%: no passive effects
@: no status effects
A: sickness immunity, AC +3, negative energy resistance 1, electricity
resistance, torment resistance 1, petrification resistance
a: no special abilities


You were on level 2 of the Dungeon.
You visited 1 branch of the dungeon, and saw 2 of its levels.

You collected 26 gold pieces.


Innate Abilities, Weirdness & Mutations

You are immune to sickness and miasma.
Your stone body is resilient. (AC +3)
You are immune to poison.
You resist negative energy. (rN+)
You are resistant to electric shocks. (rElec)
You are resistant to unholy torment.
You are immune to petrification.


   Skills:
 - Level 3.2 Fighting
 + Level 3.3 Axes
 - Level 3.2 Armour
 - Level 3.2 Shields


You had 2 spell levels left.
You didn't know any spells.
Your spell library was empty.

Inventory:

Hand Weapons
 g - a +0 vampiric war axe (weapon)
 h - a +0 club
Armour
 b - a +0 scale mail (worn)
 c - a +0 buckler (worn)
Potions
 a - a potion of resistance {unknown}
 d - a potion of might
 e - 2 potions of degeneration {unknown}
 k - a potion of curing {unknown}

Dungeon Overview and Level Annotations

Branches:
Dungeon (2/15)

Altars:

Annotations:
D:2 Terence


Message History

The goblin hits you with a +0 dagger.
You hit the goblin.
You feel better.
You kill the goblin!
An endoplasm comes into view.
You barely miss the hobgoblin. The hobgoblin hits you.
You hit the hobgoblin.
The hobgoblin is moderately wounded.
You block the hobgoblin's attack.
You slash the hobgoblin!
You feel better.
You kill the hobgoblin!
Terence the Incautious comes into view.
He is wielding a +0 flail and carrying a wand of flame (26).
Terence shouts!
You slash the endoplasm!
You feel better.
You kill the endoplasm!
Terence drinks a potion.
Terence seems to speed up.
568 ||| Stepping ~*~*~tactically~*~*~ (hiding).
You start waiting.
Terence is nearby!
Terence zaps a wand.
The puff of flame hits you.
Terence shouts, "ATTACK!!!"
Terence hits you with a +0 flail.
You see here a giant cockroach corpse.
You hit Terence but do no damage. Terence hits you but does no damage.
Terence hits you with a +0 flail.
You hit Terence.
Terence is moderately wounded.
Terence hits you with a +0 flail. You block Terence's attack.
You hit Terence but do no damage.
Terence is moderately wounded.
You block Terence's attack. Terence closely misses you.
You closely miss Terence.
Terence is moderately wounded.
Terence zaps a wand.
The puff of flame hits you. Terence hits you with a +0 flail.
You closely miss Terence.
Terence is moderately wounded.
Terence zaps a wand.
The puff of flame hits you. Terence hits you with a +0 flail!
You die...

####.####.# #.# #.# .
#.# #.# .. #.# #.# ...
#.# #.# #.. #.# #.#
#..#### #.# #.# #..@.#
#.# #.# #@## #.# #.#
#..# #.# #.# ##.### #.#
#.# #...# #.# #.#
##########'### #.# #.#
#............# #.# #.#
+............####.####.#
#...........>'.......%.#
+.......<....###########


You could see Terence (fast).

Vanquished Creatures
  An adder (D:2)
  A dart slug (D:1)
  A bat (D:1)
  2 endoplasms
  4 giant cockroaches
  A goblin (D:2)
  2 hobgoblins
  2 quokkas (D:1)
  4 ball pythons (D:1)
  A frilled lizard (D:1)
  2 kobolds (D:1)
  A rat (D:1)
22 creatures vanquished.

Notes
Turn   | Place    | Note
-------+----------+-------------------------------------------
     0 | D:1      | qw the Gargoyle Fighter began the quest for the Orb.
     0 | D:1      | Reached XP level 1. HP: 14/14 MP: 1/1
     0 | D:1      | 0 ||| qw: Version: 0.2-a-29-gc1b59c4
     0 | D:1      | 0 ||| qw: Game counter: 4471
     0 | D:1      | 0 ||| qw: Always use a shield: true
     0 | D:1      | 0 ||| qw: God list: Okawaru
     0 | D:1      | 0 ||| qw: Allow faded altars: false
     0 | D:1      | 0 ||| qw: Do Orc after D:15 true
     0 | D:1      | 0 ||| qw: Do second Lair branch before Depths: true
     0 | D:1      | 0 ||| qw: Lair rune preference: random
     0 | D:1      | 0 ||| qw: Plans: Normal, Zot:1-4, Slime:5, God:TSO, Crypt,
                  | Tomb, Abyss, Pan, Hells, Win
     0 | D:1      | 0 ||| PLANNING D:1-11
    56 | D:1      | Reached XP level 2. HP: 14/19 MP: 2/2
   101 | D:1      | 101 ||| Stepping ~*~*~tactically~*~*~ (stealth).
   446 | D:1      | 446 ||| DROPPING +6 ring of intelligence.
   447 | D:1      | 447 ||| READING 2 scrolls labelled HEZXAE GIBYDAU.
   448 | D:1      | 448 ||| READING scroll of brand weapon.
   448 | D:1      | 448 ||| BRANDING +0 war axe of electrocution.
   449 | D:1      | 449 ||| READING scroll labelled WAIZIF DIPP.
   450 | D:1      | 450 ||| READING scroll labelled GEVESM XIS SOE.
   453 | D:1      | 453 ||| READING 3 scrolls labelled VUAREM ISAU.
   454 | D:1      | 454 ||| DROPPING 2 scrolls of amnesia.
   477 | D:2      | Reached skill level 3 in Axes
   523 | D:2      | Reached XP level 3. HP: 23/23 MP: 3/3
   566 | D:2      | Noticed Terence
   568 | D:2      | 568 ||| Stepping ~*~*~tactically~*~*~ (hiding).
   575 | D:2      | Slain by Terence

Levels and vault maps discovered:
D:1:      dpeg_arrival_shrine, layout_rooms
D:2:      layout_basic, serial_shops, nicolae_shop_rolled_up,
          uniq_crazy_yiuf_cottage, uniq_terence

Skill      XL: |  1  2 |
---------------+-------+-----
Axes           | 2 3 |  3.3
Fighting       | |  3.2
Armour         | |  3.2
Shields        | |  3.2

Action                     || total
---------------------------++-------
  Melee: War axe           ||    59
    Use: Scroll            ||     5
 Armour: Scale mail        ||    26
  Dodge: Dodged            ||    21
  Block: Buckler           ||    11

Table legend:
 A = Non-vault XP
 B = Vault XP
 C = Vault XP percentage of total XP
 D = Non-vault monster count
 E = Vault monster count
 F = Vault count percentage of total count
                 A         B        C        D         E       F
            +---------+---------+-------+---------+---------+-------
      Total |      51 |       0 |   0.0 |      22 |       0 |   0.0
            +---------+---------+-------+---------+---------+-------
        D:1 |      28 |       0 |   0.0 |      16 |       0 |   0.0
        D:2 |      23 |       0 |   0.0 |       6 |       0 |   0.0
            +---------+---------+-------+---------+---------+-------
